 Dungeon Crawl Stone Soup version 0.13-a0-2648-g56e3d78 (webtiles) character file.

1246 M4edhros the Quickloader (level 8, 0/49 HPs)
             Began as an Octopode Wanderer on Aug 9, 2013.
             Was a Follower of Okawaru.
             Slain by an orc
             ... wielding a -1,+0 orcish short sword
              (5 damage)
             ... on Level 6 of the Dungeon.
             The game lasted 00:16:51 (5355 turns).

M4edhros the Quickloader (Octopode Wanderer)        Turns: 5355, Time: 00:16:51

HP   0/49        AC  1     Str 11      XL: 8   Next:  3%
MP  10/13        EV 11     Int 18      God: Okawaru [*.....]
Gold 383         SH  0     Dex 10      Spells:  2 memorised,  7 levels left

Res.Fire  : + . .   See Invis. : .   a - +3 crossbow
Res.Cold  : + . .   Warding    : .   (no shield)
Life Prot.: . . .   Conserve   : .   (helmet restricted)
Res.Poison: +       Res.Corr.  : .   (no amulet)
Res.Elec. : +       Clarity    : .   (no ring)
Sust.Abil.: . .     Spirit.Shd : .   (no ring)
Res.Mut.  : .       Stasis     : .   (no ring)
Res.Rott. : .       Flight     : .   (no ring)
Saprovore : . . .                    (no ring)
                                     (no ring)
                                     (no ring)
                                     (no ring)

@: regenerating, slightly resistant to hostile enchantments, stealthy
A: almost no armour, amphibious, 8 rings, constrict 8, camouflage 1, AC +1
a: Heroism, Renounce Religion


You were on level 6 of the Dungeon.
You worshipped Okawaru.
Okawaru was most pleased with you.
You were not hungry.

You visited 1 branch of the dungeon, and saw 6 of its levels.

You collected 333 gold pieces.

Inventory:

Hand weapons
 a - a +3,+3 crossbow (weapon)
 i - a +3,+1 elven sabre of speed
 m - a +0 blowgun
 o - a +1,+1 short sword of venom
 q - a +2,+1 sling of evasion
Missiles
 c - 6 bolts (quivered)
 n - a curare-tipped needle
Comestibles
 d - 6 bread rations
 h - a choko
Scrolls
 b - a scroll of fog
 e - a scroll of teleportation
 f - a scroll of identify
 r - 2 scrolls of magic mapping
 v - a scroll of enchant armour
Potions
 u - a potion of slowing {unknown}
Books
 j - a book of Battle

   Spells                             Type                      Level
   Infusion                           Charms                       1
   Shroud of Golubria                 Charms/Translocation         2
   Song of Slaying                    Charms                       2
   Spectral Weapon                    Hexes/Charms                 3
   *Regeneration                      Charms/Necromancy            3
   Song of Shielding                  Charms                       4
Rods
 g - a +1 rod of fiery destruction (10/10)
   (You found it on level 3 of the Dungeon)


   Skills:
 - Level 2.0 Fighting
 * Level 8.1 Crossbows
 - Level 1.3 Stealth
 - Level 2.0 Spellcasting
 - Level 1.0 Conjurations
 + Level 2.9 Charms
 + Level 2.8 Necromancy
 - Level 1.1 Evocations


You had 7 spell levels left.
You knew the following spells:

 Your Spells              Type           Power        Failure   Level  Hunger
a - Magic Dart            Conj           #...         12%         1    #......
b - Regeneration          Chrm/Necr      ##........   21%         3    ####...


Dungeon Overview and Level Annotations

Branches:
Dungeon (6/27)             Temple (0/1) D:6
    Orc: D:6-11

Altars:
Ashenzari
Fedhas
Makhleb
Okawaru
Vehumet


Innate Abilities, Weirdness & Mutations

You cannot wear most types of armour.
You are amphibious.
You can wear up to eight rings at the same time.
You can use your tentacles to constrict many enemies at once.
Your skin changes colour to match your surroundings (Stlth).
Your rubbery body absorbs attacks (AC +1).


Message History

Casting: Regeneration
Confirm with . or Enter, or press ? or * to list all spells.
Okay, then.
Wield which item (- for none, * to show all)? (? for menu, Esc to quit)
Okay, then.
You aren't carrying any items that can be evoked.
Wield which item (- for none, * to show all)? (? for menu, Esc to quit)
Okay, then.
Read which item? (? for menu, Esc to quit)
Okay, then.
Casting: Regeneration
Confirm with . or Enter, or press ? or * to list all spells.
Okay, then.
Drink which item? (? for menu, Esc to quit)
You feel protected.
It was a potion of resistance.
The orc closely misses you.
The orc wizard hits you with an orcish dagger.
* * * LOW HITPOINT WARNING * * *
The orc hits you with an orcish short sword.
You die...

...(# .⌠.(######.
..(.(....... $ ...(# ...
##o####### ###...#
#.)oo....# ......#
#.#......# ......#
#.#...o.o###.####o..!..##
#.#..o..o.o...If@o.......
..#.....o###.####o...?.##
#.######## ......# #)#
...#### #.# ######## #.#
#<.....# #.# #......#
#.###############......#
#......................#


You could see an orc warrior, a sky beast, 3 orc wizards and 3 orcs.

Vanquished Creatures
  Eustachio (D:5)
  An ice beast (D:5)
  An ogre (D:4)
  Duvessa (D:4)
  Dowan (D:4)
  A hound (D:5)
  An orc priest (D:6)
  A worker ant (D:5)
  2 orc wizards (D:4)
  An iguana (D:5)
  Ijyb (D:5)
  7 adders
  4 gnolls (D:6)
  An inept feature mimic (D:3)
  A giant mite (D:3)
  4 worms
  A grey rat (D:5)
  5 giant geckos
  3 oozes
  8 orcs
  A bat skeleton (D:5)
  A bat zombie (D:5)
  5 giant cockroaches
  9 goblins
  9 hobgoblins
  8 jackals
  8 kobolds
  A quokka (D:4)
  4 training dummies (D:3)
  3 ball pythons
  7 bats
  3 giant newts
  A hobgoblin skeleton (D:5)
  A kobold zombie (D:5)
  An orc skeleton (D:5)
  A quokka zombie (D:5)
  11 rats
120 creatures vanquished.

Notes
Turn   | Place    | Note
--------------------------------------------------------------
     0 | D:1      | M4edhros, the Octopode Wanderer, began the quest for the Orb.
     0 | D:1      | Reached XP level 1. HP: 12/12 MP: 2/2
   246 | D:1      | Reached XP level 2. HP: 18/18 MP: 4/4
   591 | D:2      | Reached skill level 4 in Crossbows
   685 | D:3      | Reached XP level 3. HP: 22/22 MP: 5/5
   858 | D:3      | Found an iron altar of Okawaru.
   903 | D:3      | Became a worshipper of Warmaster Okawaru
   956 | D:3      | Reached XP level 4. HP: 17/28 MP: 7/7
  1310 | D:3      | Reached skill level 5 in Crossbows
  1510 | D:3      | Identified a +1 rod of fiery destruction (10/10) (You found it on level 3 of the Dungeon)
  1830 | D:4      | Found a blossoming altar of Fedhas.
  1831 | D:4      | Found a radiant altar of Vehumet.
  1831 | D:4      | Found a burning altar of Makhleb.
  1832 | D:4      | Reached XP level 5. HP: 33/33 MP: 8/8
  1906 | D:4      | Found a shattered altar of Ashenzari.
  1970 | D:4      | Noticed Dowan
  2003 | D:4      | Killed Dowan
  2003 | D:4      | Reached skill level 6 in Crossbows
  2004 | D:4      | Noticed Duvessa
  2061 | D:4      | Killed Duvessa
  2061 | D:4      | Reached XP level 6. HP: 33/38 MP: 10/10
  2140 | D:4      | Learned a level 3 spell: Regeneration
  2174 | D:4      | Noticed Eustachio
  2704 | D:4      | Acquired Okawaru's first power
  2704 | D:4      | Reached skill level 7 in Crossbows
  2704 | D:4      | Reached skill level 1 in Charms
  2704 | D:4      | Reached skill level 1 in Necromancy
  3055 | D:5      | Entered Level 5 of the Dungeon
  3097 | D:5      | Noticed Ijyb
  3110 | D:5      | Killed Ijyb
  3305 | D:5      | Reached XP level 7. HP: 38/43 MP: 11/11
  3541 | D:5      | Upgraded the game from 0.13-a0-2643-gffe6e9f to 0.13-a0-2648-g56e3d78
  4864 | D:5      | Killed Eustachio
  4864 | D:5      | Reached skill level 8 in Crossbows
  5329 | D:6      | Found a staircase to the Ecumenical Temple.
  5344 | D:6      | Reached XP level 8. HP: 38/49 MP: 13/13
  5355 | D:6      | Slain by an orc

Action                   |  1- 3 |  4- 6 |  7- 9 || total
-------------------------+-------+-------+-------++-------
Melee: Whip              |       |     7 |       ||     7
       Unarmed           |       |    55 |    52 ||   107
       Crossbow          |       |     8 |     5 ||    13
       Short sword       |       |       |    11 ||    11
 Fire: Crossbow          |    68 |    83 |    35 ||   186
       Blowgun           |       |       |     1 ||     1
 Cast: Regeneration      |       |       |     7 ||     7
Evoke: Rod               |       |       |     2 ||     2
  Use: Scroll            |       |    14 |     6 ||    20
       Potion            |       |     1 |     2 ||     3
 Stab: Sleeping          |       |     2 |       ||     2
